 Dungeon Crawl Stone Soup version 0.22-a0-166-g5351223 (webtiles) character file.

292 vishdafish the Slasher (level 6, -1/47 HPs)
             Began as a Demonspawn Fighter on Feb 13, 2018.
             Slain by an orc wizard
             ... wielding a cursed +0 dagger
              (4 damage)
             ... on level 4 of the Dungeon.
             The game lasted 00:07:13 (4097 turns).

vishdafish the Slasher (Demonspawn Fighter)         Turns: 4097, Time: 00:07:14

Health: -1/47      AC: -8    Str: 17    XL:     6   Next: 10%
Magic:  6/6        EV:  7    Int: 11    God:
Gold:   142        SH:  0    Dex: 12    Spells: 5/5 levels left

rFire    + . .     SeeInvis .   a - +0 long sword
rCold    . . .     Gourm    .   c - +0 shield
rNeg     . . .     Faith    .   e - +0 scale mail {rF+}
rPois    .         Spirit   .   (no helmet)
rElec    .         Reflect  .   r - +0 cloak
rCorr    .         Harm     .   (no gloves)
MR       .....                  (no boots)
Stlth    ..........             (no amulet)
HPRegen  0.15/turn              (no ring)
MPRegen  0.10/turn              (no ring)

@: confused, lethally poisoned (-1 -> -5), corroded
A: claws 1, talons 1, rot immunity
a: no special abilities


You were on level 4 of the Dungeon.
You were very hungry.

You visited 1 branch of the dungeon, and saw 4 of its levels.

You collected 142 gold pieces.

Inventory:

Hand Weapons
 a - a +0 long sword (weapon)
 d - a +3 hunting sling
Missiles
 f - 25 sling bullets
Armour
 b - a +0 scale mail
 c - a +0 shield (worn)
 e - a +0 scale mail of fire resistance (worn)
 r - a +0 cloak (worn)
Scrolls
 g - 2 scrolls of teleportation
 h - a scroll of enchant armour
 i - 2 scrolls of blinking {unknown}
 j - 6 scrolls of remove curse
 k - a scroll of noise
 m - 2 scrolls of amnesia {unknown}
 s - a scroll of identify
Potions
 l - a potion of lignification {unknown}
 p - 2 potions of mutation
 t - a potion of invisibility {unknown}
Books
 o - a book of Minor Magic

   Spells                             Type                      Level
   a - Magic Dart                     Conjuration                  1
   b - Blink                          Translocation                2
   c - Call Imp                       Summoning                    2
   d - Slow                           Hexes                        2
   e - Conjure Flame                  Conjuration/Fire             3
   f - Mephitic Cloud                 Conjuration/Poison/Air       3
Comestibles
 q - a ration


   Skills:
 - Level 3.5 Fighting
 + Level 3.8 Long Blades
 * Level 3.0 Slings
 - Level 3.1 Armour
 - Level 3.1 Shields


You had 5 spell levels left.
You didn't know any spells.

Dungeon Overview and Level Annotations

Branches:
Dungeon (4/15)             Temple (0/1) D:4

Altars:
Elyvilon
Wu Jian

Annotations:
D:2 Sigmund
D:4 Grinder


Innate Abilities, Weirdness & Mutations

You have sharp fingernails.
You have sharp toenails.
You are immune to rotting.


Message History

The orc wizard gestures at you while chanting.
You are confused.
Unknown command.
You're too confused!
You closely miss the worker ant. Your kick misses the worker ant.
The worker ant bites you!
You are poisoned.
The worker ant poisons you! The scorpion stings you!
The orc wizard gestures at you while chanting.
You are more confused.
The worker ant bites you.
You feel sick.
You bump into the rock wall.
You feel sick. The worker ant bites you.
* * * LOW HITPOINT WARNING * * *
The orc barely misses you. The scorpion stings you!
* * * LOW HITPOINT WARNING * * *
Unknown command.
Okay, then.
The scorpion barely misses you. The orc wizard hits you with a dagger.
You die...

.#....)....##
............ ..
#..⌠...⌠..#..#
.#.....$...#..##
......>...... .##
#.........# ....
.#..⌠...⌠o.#....?
!....).oso...#
##.....oa@.###
##.##.##.## # #.
..# ##..## ..#
###


You could see a scorpion, a worker ant, an orc wizard and 3 orcs.

Vanquished Creatures
  Crazy Yiuf (D:3)
  Natasha (thrice) (D:2)
  An orc wizard (D:3)
  A worker ant (D:3)
  A gnoll (D:1)
  5 adders
  3 worms
  2 leopard geckos
  7 orcs (D:3)
  2 bats
  3 giant cockroaches
  4 hobgoblins
  11 jackals
  A quokka (D:3)
  A ball python (D:2)
  4 frilled lizards
  10 goblins
  5 kobolds
  11 rats
76 creatures vanquished.

Vanquished Creatures (others)
  A quokka (D:4)
1 creature vanquished.

Grand Total: 77 creatures vanquished

Notes
Turn   | Place    | Note
-------+----------+-------------------------------------------
     0 | D:1      | vishdafish the Demonspawn Fighter began the quest for the Orb.
     0 | D:1      | Reached XP level 1. HP: 18/18 MP: 1/1
   251 | D:1      | Gained mutation: You have sharp fingernails. [demonic ancestry]
   251 | D:1      | Reached XP level 2. HP: 11/24 MP: 2/2
   687 | D:1      | Gained mutation: You have sharp toenails. [demonic ancestry]
   687 | D:1      | Reached XP level 3. HP: 24/29 MP: 3/3
  1233 | D:2      | Noticed Natasha
  1239 | D:2      | Killed Natasha
  1251 | D:2      | Noticed Natasha
  1252 | D:2      | Noticed Sigmund
  1258 | D:2      | Killed Natasha
  1258 | D:2      | Reached XP level 4. HP: 12/35 MP: 4/4
  1628 | D:2      | Found an ornate altar of the Wu Jian Council.
  1703 | D:2      | Noticed Natasha
  2035 | D:2      | Reached skill level 1 in Slings
  2233 | D:2      | Killed Natasha
  2233 | D:2      | Gained mutation: You are immune to rotting. [demonic ancestry]
  2233 | D:2      | Reached XP level 5. HP: 29/41 MP: 5/5
  3707 | D:3      | Found a runed door.
  3712 | D:3      | Noticed Crazy Yiuf
  3717 | D:3      | Killed Crazy Yiuf
  3717 | D:3      | Reached XP level 6. HP: 9/47 MP: 0/6
  4019 | D:4      | Found a white marble altar of Elyvilon.
  4023 | D:4      | Noticed Grinder
  4092 | D:4      | Found a staircase to the Ecumenical Temple.
  4097 | D:4      | Slain by an orc wizard

Vault maps used:
D:1:      dpeg_arrival_water_fire
D:2:      lemuel_crystal_altar, serial_co_window_serial, co_window_corner_a,
          co_window_paths_a, co_window_of_opportunity_a,
          co_window_of_opportunity_a, co_window_paths_a, co_window_corner_b,
          co_window_unsneaky_path_b, co_window_corner_cb,
          co_window_unsneaky_path_c, co_window_paths_c, uniq_sigmund,
          uniq_natasha
D:3:      first_ration, st_stairs_5, grunt_decor_resistance, minmay_cut_off,
          uniq_crazy_yiuf_cottage
D:4:      marbit_many_paths, minmay_temple_entry_large_hall, serial_shops,
          nicolae_shop_stone, elyvilon_altar_4, uniq_duvessa, uniq_grinder

Skill      XL: |  1  2  3  4  5 |
---------------+----------------+-----
Long Blades    | 2 3 |  3.8
Shields        | 3 |  3.1
Armour         | 3 |  3.1
Slings         | 1 3 |  3.0
Fighting       | |  3.5

Action                   |  1- 3 |  4- 6 || total
-------------------------+-------+-------++-------
Melee: Long sword        |    92 |   134 ||   226
       Kick              |     5 |    28 ||    33
 Fire: Hunting sling     |       |     2 ||     2
  Use: Potion            |     1 |     4 ||     5
       Scroll            |       |     6 ||     6
  Eat: Ration            |       |     2 ||     2
       Chunk             |       |     2 ||     2
Armor: Scale mail        |    31 |    65 ||    96
Dodge: Dodged            |    20 |    36 ||    56
Block: Shield            |    43 |    48 ||    91
       Rpst.: Long sword |     8 |    10 ||    18

Table legend:
 A = Spawn XP
 B = Non-spawn XP
 C = Spawn XP percentage of total XP
 D = Spawn monster count
 E = Non-spawn monster count
 F = Spawn count percentage of total count
 G = Total turns spent on level
                    A         B        C        D         E        F      G
               +---------+---------+-------+---------+---------+-------+---------
         Total |       0 |     418 |   0.0 |       0 |      76 |   0.0 |  4097
               +---------+---------+-------+---------+---------+-------+---------
           D:1 |       0 |      60 |   0.0 |       0 |      30 |   0.0 |  1517
           D:2 |       0 |     143 |   0.0 |       0 |      16 |   0.0 |  1169
           D:3 |       0 |     215 |   0.0 |       0 |      30 |   0.0 |  1308
               +---------+---------+-------+---------+---------+-------+---------
